 Dungeon Crawl Stone Soup version bcrawl-1.28 (webtiles) character file.

Game seed: 8603054547198423549

329933 MisterOstroum the Spear-Bearer (level 12, -12/97 HPs)
             Began as a Merfolk Skald on Nov 21, 2020.
             Was a Believer of Sif Muna.
             Mangled by a polar bear (13 damage)
             ... on level 3 of the Lair of Beasts.
             The game lasted 00:37:53 (13110 turns).

MisterOstroum the Spear-Bearer (Merfolk Skald)     Turns: 13110, Time: 00:37:53

Health: -12/97     AC:  6    Str: 12    XL:     12   Next: 6%
Magic:  12/28      EV: 15    Int: 16    God:    Sif Muna [**....]
Gold:   850        SH:  0    Dex: 14    Spells: 9/21 levels left

rFire    . . .     SeeInvis .   a - +0 trident
rCold    . . .     Gourm    .   (no shield)
rNeg     . . .     Faith    .   M - +0 troll leather armour
rPois    .         Spirit   .   (no helmet)
rElec    .         Reflect  .   h - +0 cloak (curse)
rCorr    .         Harm     .   B - +0 pair of gloves
MR       .....                  (no boots)
Stlth    +++.......             I - amulet of the acrobat
HPRegen  0.66/turn              R - ring of magical power
MPRegen  0.21/turn              (no ring)

@: lethally poisoned (-12 -> -16), about to teleport, divine energy
A: change form in water, swift swim, stealthy swim
a: Stop Divine Energy, Renounce Religion


You were on level 3 of the Lair of Beasts.
You worshipped Sif Muna.
Sif Muna was pleased with you.
You were hungry.

You visited 3 branches of the dungeon, and saw 13 of its levels.

You collected 1036 gold pieces.
You spent 186 gold pieces at shops.

Inventory:

Hand Weapons
 a - a +0 trident (weapon)
 b - a +0 hand crossbow
 c - a +3 quarterstaff of chaos
 w - a +0 arbalest
 E - a +0 hunting sling
 P - the cursed +0 short sword of the Extremes {venom, MR++ MP+9 Int-5 SInv, unknown}
   (You found it on level 1 of the Lair of Beasts)

   It poisons the flesh of those it strikes.
   It affects your intelligence (-5).
   It affects your resistance to hostile enchantments.
   It affects your magic capacity (+9).
   It lets you see invisible.
   It has a curse placed upon it.
Missiles
 f - 2753 stones (quivered)
 g - 1376 sling bullets
 n - 502 arrows
 r - 259 javelins
 u - 701 bolts
 G - 21 curare-tipped needles
Armour
 h - a cursed +0 cloak (worn)
 y - +0 pearl dragon scales
 B - a +0 pair of gloves (worn)
 M - a +0 troll leather armour (worn)
Jewellery
 I - an amulet of the acrobat (around neck)
 R - a ring of magical power (left hand)
Wands
 s - a wand of random effects (32)
 t - a wand of iceblast (9)
 J - a wand of polymorph (10)
Scrolls
 d - a scroll of fear {!r}
 i - a scroll of enchant weapon
 j - a scroll of magic mapping {unknown}
 k - 2 scrolls of enchant armour {unknown}
 m - 6 scrolls of teleportation {@r3 !r}
 q - 2 scrolls of blinking {unknown}
 C - 6 scrolls of remove curse {@r2}
 K - a scroll of fog {unknown}
 L - 2 scrolls of noise {unknown}
Potions
 l - a potion of might {@q3 !q}
 p - 3 potions of resistance
 v - a potion of ambrosia
 x - 2 potions of mutation
 z - 2 potions of agility {@q5 !q}
 A - a potion of berserk rage
 D - 4 potions of haste {@q4 !q}
 F - a potion of lignification {@q6}
 H - a potion of cancellation
 N - a potion of flight
 O - 2 potions of heal wounds
Comestibles
 e - 17 rations {!d}
 Q - 5 chunks of flesh


   Skills:
 + Level 9.9 Fighting
 - Level 14.0 Polearms
 - Level 0.6 Armour
 + Level 6.5 Dodging
 - Level 5.0 Stealth
 - Level 5.0 Spellcasting
 - Level 5.0 Hexes
 + Level 8.8 Charms
 - Level 3.0 Necromancy
 - Level 5.0 Evocations


You had 9 spell levels left.
You knew the following spells:

 Your Spells              Type           Power        Failure   Level  Hunger
a - Infusion              Chrm           ####....     1%          1    None
b - Song of Slaying       Chrm           ####....     1%          2    None
c - Spectral Weapon       Hex/Chrm       ####....     3%          3    ###....
d - Ozocubu's Armour      Chrm/Ice       ###.....     10%         3    ###....
H - Regeneration          Chrm/Necr      ###.......   4%          3    ###....

Your spell library contained the following spells:

 Spells                   Type           Power        Failure   Level  Hunger
 Swiftness                Chrm/Air       ###.....     4%          2    None
 Passwall                 Tmut/Erth      #.......     28%         2    None
 Portal Projectile        Tloc           #.....       50%         3    ###....
 Recall                   Summ/Tloc      N/A          50%         3    ###....
 Darkness                 Hex            ###.......   98%         6    #######
 Invisibility             Hex            ###.....     98%         6    #######
 Lee's Rapid Deconstruct  Erth           #.........   99%         5    ######.
 Passage of Golubria      Tloc           N/A          99%         5    ######.
 Time Stop                Chrm/Tloc      N/A          100%        8    #######
 Shatter                  Erth           #.........   100%        9    #######


Dungeon Overview and Level Annotations

Branches:
Dungeon (9/12)             Temple (1/1) D:7            Lair (3/6) D:7
  Swamp: Lair:2-4    Shoals: Lair:2-4     Snake: Lair:2-4    Spider: Lair:2-4
    Orc: D:8-11

Altars:
Dithmenos
Elyvilon
Fedhas
Makhleb
Qazlal
Ru
Sif Muna
Trog
Vehumet
Wu Jian

Shops:
D:5 !   D:7 ?

Annotations:
Lair:1 exclusion: oklob plant


Message History

The five-headed hydra is almost dead.
Your spectral weapon hits the five-headed hydra.
The five-headed hydra misses you.
The five-headed hydra barely misses you.
The five-headed hydra completely misses you.
The five-headed hydra closely misses you.
The five-headed hydra bites you!
The five-headed hydra is frozen.
The five-headed hydra is almost dead.
You barely miss the five-headed hydra.
The five-headed hydra is almost dead.
Your icy armour evaporates.
Your spectral weapon hits the five-headed hydra.
You kill the five-headed hydra!
Sif Muna accepts your kill.
You have reached level 12!
Your experience leads to an increase in your attributes!
Increase (S)trength, (I)ntelligence, or (D)exterity?
You feel stronger.
Attack whom?
Press: ? - help, Dir - move target cursor, f - porcupine
Aim: a porcupine You are struck by the porcupine's spines.
You barely miss the porcupine.
Your spectral weapon is struck by the porcupine's spines.
Your spectral weapon shares its damage with you!
Your spectral weapon closely misses the porcupine.
The porcupine completely misses you.
A polar bear comes into view.
You are struck by the porcupine's spines.
You puncture the porcupine!
The porcupine is heavily wounded.
Your spectral weapon hits the porcupine!
You kill the porcupine!
Sif Muna accepts your kill.
Your song is almost over.
You see here a hydra corpse.
The black mamba closely misses you.
You puncture the black mamba!
The black mamba is moderately wounded.
Your spectral weapon misses the black mamba.
The black mamba closely misses you.
Casting: Ozocubu's Armour (safe; 10% risk of failure)
Confirm with . or Enter, or press ? or * to list all spells.
A cloud of ice covers your body! The black mamba bites you.
The black mamba is frozen.
The black mamba is heavily wounded.
You hit the black mamba.
The black mamba is severely wounded.
Your spectral weapon hits the black mamba.
The black mamba bites your spectral weapon!
Your spectral weapon shares its damage with you!
Your spectral weapon fades away.
The black mamba misses you.
You closely miss the black mamba.
The black mamba is severely wounded.
The black mamba bites you!
You are poisoned.
The black mamba poisons you!
The black mamba is frozen.
The black mamba is severely wounded.
You miss the black mamba.
The black mamba is severely wounded.
Your song has ended.
You feel sick. The black mamba bites you!
The black mamba is frozen.
The black mamba is severely wounded.
Your icy armour evaporates.
You feel sick. The black mamba barely misses you. The black mamba bites you!
* * * LOW HITPOINT WARNING * * *
You are more poisoned.
The black mamba poisons you!
Unknown command.
Unknown command.
You feel very sick.
You feel sick. The black mamba bites you.
* * * LOW HITPOINT WARNING * * *
You feel sick. The black mamba misses you.
There is a stone staircase leading up here.
Okay, then.
Really quaff
o - a potion of curing {@q1 !q}?
You feel better. The black mamba closely misses you.
The black mamba bites you but does no damage.
Unknown command.
A wolf comes into view.
The polar bear completely misses you. The polar bear claws you.
* * * LOW HITPOINT WARNING * * *
The polar bear completely misses you.
Unknown command.
Unknown command.
Eat one of 5 chunks of flesh? (ye/n/q)
Okay, then.
Really read
m - 7 scrolls of teleportation {@r3 !r}?
As you read the scroll of teleportation {@r3 !r}, it crumbles to dust.
You feel strangely unstable.
The wolf howls!
The black mamba bites you.
* * * LOW HITPOINT WARNING * * *
You are poisoned.
The black mamba poisons you! The black mamba bites you!
* * * LOW HITPOINT WARNING * * *
The polar bear bites you!
You die...

. ### ## ##. ####P##.#
...### #.......#
....#.##P.....##
.....#.#.......###
......#..........#
............÷....###
.?......†.....h....#
..............S@...#
....................#
.......................
.......#...............
.......................
............h.........(
.......................
...............#...
.#............#


You could see a polar bear, a black mamba and a wolf.

Vanquished Creatures
  3 hydras
  A cyclops (D:6)
  Joseph (D:7)
  4 cane toads
  A centaur skeleton (D:6)
  2 komodo dragons
  4 trolls (D:8)
  3 blink frogs (Lair:1)
  4 hippogriffs
  A fire bat (D:7)
  A wraith (D:7)
  6 yaks
  Menkaure (D:5)
  7 crocodiles
  2 water moccasins
  6 porcupines
  An orc warrior (D:8)
  A sky beast (D:8)
  A phantom (D:8)
  An ice beast (D:6)
  3 wolves (Lair:1)
  2 ogres
  A centaur (D:7)
  2 big kobolds
  9 bullfrogs
  A wyvern zombie (D:8)
  2 scorpions (D:5)
  A wight (D:8)
  16 killer bees (D:7)
  An electric eel (D:6)
  5 crimson imps
  A centaur zombie (D:5)
  4 jellies (D:8)
  Crazy Yiuf (D:6)
  3 hounds
  A gnoll shaman (D:6)
  6 orc priests
  An orc wizard (D:8)
  Terence (D:2)
  An iguana (D:8)
  7 worker ants
  A hound zombie (D:6)
  5 gnolls (D:6)
  11 adders
  2 shadow imps
  5 oozes (D:8)
  An adder zombie (D:6)
  An adder skeleton (D:5)
  4 worms
  A dart slug (D:2)
  4 leopard geckos
  33 orcs
  2 bats (D:1)
  4 giant cockroaches
  4 goblins
  8 hobgoblins
  14 jackals
  17 kobolds
  9 quokkas
  3 ball pythons
  5 frilled lizards
  A jackal skeleton (D:6)
  A jackal zombie (D:6)
  A quokka zombie (D:3)
  6 rats
263 creatures vanquished.

Vanquished Creatures (others)
  A fungus (Lair:2)
  2 plants
  19 spectral weapons
22 creatures vanquished.

Grand Total: 285 creatures vanquished

Notes
Turn   | Place    | Note
-------+----------+-------------------------------------------
     0 | D:1      | MisterOstroum the Merfolk Skald began the quest for the
                  | Orb.
     0 | D:1      | Reached XP level 1. HP: 16/16 MP: 3/3
   157 | D:1      | Reached XP level 2. HP: 22/22 MP: 5/5
   185 | D:1      | Learned a level 2 spell: Song of Slaying
   318 | D:1      | Reached XP level 3. HP: 22/28 MP: 6/6
   601 | D:1      | Learned a level 3 spell: Spectral Weapon
   663 | D:2      | Noticed Terence
   812 | D:2      | Killed Terence
   812 | D:2      | Reached skill level 4 in Polearms
   910 | D:2      | Reached XP level 4. HP: 33/34 MP: 3/7
   967 | D:2      | Reached skill level 1 in Hexes
  1998 | D:3      | Reached XP level 5. HP: 27/40 MP: 4/8
  2071 | D:3      | Reached skill level 5 in Polearms
  2727 | D:3      | Found a radiant altar of Vehumet.
  3272 | D:4      | Reached skill level 6 in Polearms
  3272 | D:4      | Reached XP level 6. HP: 39/47 MP: 10/10
  3281 | D:4      | Learned a level 3 spell: Regeneration
  3810 | D:4      | Found a shimmering blue altar of Sif Muna.
  3943 | D:4      | Became a worshipper of Sif Muna the Loreminder
  4030 | D:5      | Entered Level 5 of the Dungeon
  4044 | D:5      | Reached skill level 1 in Necromancy
  4126 | D:5      | Found a stormy altar of Qazlal.
  4190 | D:5      | Found a sacrificial altar of Ru.
  4233 | D:5      | Noticed Menkaure
  4248 | D:5      | Killed Menkaure
  4248 | D:5      | Reached skill level 5 in Charms
  4248 | D:5      | Reached XP level 7. HP: 41/54 MP: 3/11
  4455 | D:5      | Found Yteq's Distillery.
  4469 | D:5      | Bought a potion of berserk rage for 36 gold pieces
  4469 | D:5      | Bought a potion of haste for 120 gold pieces
  4556 | D:5      | Reached * piety under Sif Muna
  5441 | D:6      | Reached XP level 8. HP: 61/61 MP: 8/12
  5464 | D:6      | Noticed a cyclops
  5962 | D:6      | Reached skill level 5 in Fighting
  6133 | D:6      | Reached skill level 7 in Polearms
  6442 | D:7      | Noticed a wraith
  6451 | D:7      | Learned a level 3 spell: Ozocubu's Armour
  6460 | D:7      | Killed a wraith
  6460 | D:7      | Reached ** piety under Sif Muna
  6543 | D:7      | Noticed Joseph
  6775 | D:7      | Reached XP level 9. HP: 63/69 MP: 10/14
  6780 | D:7      | Reached skill level 8 in Polearms
  6989 | D:6      | Killed a cyclops
  6989 | D:6      | Reached skill level 9 in Polearms
  7223 | D:6      | Found a bloodstained altar of Trog.
  7382 | D:6      | Found a runed door.
  7386 | D:6      | Noticed Crazy Yiuf
  7388 | D:6      | Killed Crazy Yiuf
  7783 | D:7      | Reached skill level 10 in Polearms
  8119 | D:7      | Reached skill level 5 in Dodging
  8179 | D:7      | Identified Sif Muna's Tome of the Dusty Traveller (Sif Muna
                  | gifted it to you on level 7 of the Dungeon)
  8179 | D:7      | Received a gift from Sif Muna
  8276 | D:7      | Found a staircase to the Lair.
  8278 | D:7      | Noticed a komodo dragon
  8336 | D:7      | Killed a komodo dragon
  8336 | D:7      | Reached skill level 1 in Stealth
  8355 | D:7      | Reached XP level 10. HP: 40/79 MP: 9/16
  8525 | D:7      | Found Biczayj's Magic Scroll Shop.
  8568 | D:7      | Reached skill level 11 in Polearms
  8583 | D:7      | Bought a scroll of identify for 30 gold pieces
  8677 | D:7      | Found a burning altar of Makhleb.
  8732 | D:7      | Killed Joseph
  8984 | D:7      | Found a staircase to the Ecumenical Temple.
  8999 | Temple   | Entered the Ecumenical Temple
  9725 | D:8      | Reached skill level 1 in Evocations
  9888 | D:8      | Reached skill level 12 in Polearms
  9948 | D:8      | Found a shadowy altar of Dithmenos.
  9950 | D:8      | Found a stormy altar of Qazlal.
 10681 | Lair:1   | Entered Level 1 of the Lair of Beasts
 10801 | Lair:1   | Reached XP level 11. HP: 28/86 MP: 4/17
 10906 | Lair:1   | Noticed a five-headed hydra
 10921 | Lair:1   | Killed a five-headed hydra
 10921 | Lair:1   | Received a gift from Sif Muna
 11008 | Lair:1   | Reached skill level 13 in Polearms
 11048 | Lair:1   | Reached skill level 5 in Stealth
 11356 | Lair:1   | Found a burning altar of Makhleb.
 11525 | Lair:1   | Found a blossoming altar of Fedhas.
 11583 | Lair:1   | Noticed an oklob plant
 11748 | Lair:1   | Got an encrusted short sword
 11991 | Lair:2   | Reached skill level 5 in Hexes
 12218 | Lair:2   | Reached skill level 5 in Spellcasting
 12365 | Lair:1   | Reached skill level 14 in Polearms
 12664 | Lair:2   | Noticed a five-headed hydra
 12675 | Lair:2   | Killed a five-headed hydra
 12973 | Lair:2   | Reached skill level 5 in Evocations
 13081 | Lair:3   | Noticed a five-headed hydra
 13093 | Lair:3   | Killed a five-headed hydra
 13093 | Lair:3   | Reached XP level 12. HP: 87/97 MP: 12/19
 13110 | Lair:3   | HP: 1/97 [black mamba (10)]
 13110 | Lair:3   | Mangled by a polar bear

Skill      XL: |  1  2  3  4  5  6  7  8  9 10 11 |
---------------+----------------------------------+-----
Polearms       | 4 6 7 10 12 14 | 14.0
Charms         | 4 5 6 8 |  8.8
Hexes          | 1 2 4 5 |  5.0
Fighting       | 3 4 5 7 8 9 |  9.9
Spellcasting   | 3 4 5 |  5.0
Necromancy     | 1 2 3 |  3.0
Dodging        | 5 6 |  6.5
Stealth        | 1 4 5 |  5.0
Evocations     | 2 5 |  5.0
Armour         | |  0.6

Action                   |  1- 3 |  4- 6 |  7- 9 | 10-12 || total
-------------------------+-------+-------+-------+-------++-------
Melee: Trident           |    83 |   280 |   276 |   381 ||  1020
       Quarterstaff      |       |       |       |    15 ||    15
 Fire: Hand crossbow     |       |    15 |     6 |    16 ||    37
Throw: Stone             |    10 |    50 |    16 |    29 ||   105
       Throwing net      |       |       |     2 |       ||     2
       Javelin           |       |       |     1 |     2 ||     3
 Cast: Infusion          |     2 |    22 |     3 |     1 ||    28
       Song of Slaying   |     2 |     6 |     9 |    10 ||    27
       Spectral Weapon   |     1 |     3 |    25 |    45 ||    74
       Regeneration      |       |       |    11 |    10 ||    21
       Ozocubu's Armour  |       |       |     3 |    22 ||    25
Invok: Divine Energy     |       |       |     1 |       ||     1
Evoke: Wand              |       |       |     3 |     1 ||     4
  Use: Potion            |       |     2 |     4 |     1 ||     7
       Scroll            |       |     1 |     6 |     6 ||    13
 Stab: Sleeping          |     2 |     2 |       |     7 ||    11
       Distracted        |       |       |     1 |     2 ||     3
       Confused          |       |       |     2 |       ||     2
  Eat: Chunk             |     4 |    23 |    17 |    31 ||    75
       Ration            |       |       |     3 |     1 ||     4
Armor: Leather armour    |    21 |    19 |    44 |    12 ||    96
       Robe              |       |     8 |       |       ||     8
       Troll leather arm |       |       |       |    36 ||    36
Dodge: Dodged            |    33 |   156 |   162 |   189 ||   540
Block: Other             |     9 |     5 |     9 |    15 ||    38
